 Dungeon Crawl Stone Soup version 0.31-a0-1178-gc5c9b8f871 (webtiles) character file.

Game seed: 12248990669984457823

987 qw the Skirmisher (level 8, -1/44 HPs)
             Began as a Gargoyle Hunter on Dec 11, 2023.
             Slain by a gnoll
             ... wielding a +0 halberd
             ... led by a gnoll bouda
              (11 damage)
             ... on level 6 of the Dungeon.
             The game lasted 00:01:58 (4141 turns).

qw the Skirmisher (Gargoyle Hunter)                 Turns: 4141, Time: 00:01:59

Health: -1/44      AC: 14    Str: 16    XL:     8   Next: 18%
Magic:  8/8        EV: 11    Int:  9    God:
Gold:   171        SH:  0    Dex: 15    Spells: 7/7 levels left

rFire   . . .        a - +0 shortbow
rCold   . . .        (shield currently unavailable)
rNeg    + + +        g - +2 ring mail {rN+}
rPois   inf          (no helmet)
rElec   +            (no cloak)
rCorr   .            m - +0 pair of gloves
SInv    .            (no boots)
Will    .....        (no amulet)
Stlth   +            e - ring of positive energy
HPRegen 0.27/turn    (no ring)
MPRegen 0.11/turn

%: no passive effects
@: no status effects
A: sickness immunity, AC +5, negative energy resistance 1, electricity
resistance, torment resistance 1, petrification resistance, hooves 1, frail 1,
evolution 1
a: no special abilities


You were on level 6 of the Dungeon.
You visited 1 branch of the dungeon, and saw 6 of its levels.

You collected 171 gold pieces.


Innate Abilities, Weirdness & Mutations

You are immune to sickness and miasma.
Your stone body is resilient. (AC +5)
You are immune to poison.
You resist negative energy. (rN+)
You are resistant to electric shocks. (rElec)
You are resistant to unholy torment.
You are immune to petrification.
You have large cloven feet.
You are frail. (-10% HP)
You have hidden genetic potential.


   Skills:
 - Level 5.1 Fighting
 + Level 8.6 Ranged Weapons
 - Level 2.2 Armour
 - Level 2.1 Dodging
 - Level 1.1 Stealth


You had 7 spell levels left.
You didn't know any spells.
Your spell library was empty.

Inventory:

Hand Weapons
 a - a +0 shortbow (weapon)
Armour
 g - a +2 ring mail of positive energy (worn)
 m - a +0 pair of gloves (worn)
Jewellery
 e - a ring of positive energy (left hand)
Wands
 c - a wand of flame (22)
Potions
 d - a potion of haste
 i - a potion of cancellation

Dungeon Overview and Level Annotations

Branches:
Dungeon (6/15)
 Temple: D:4-7

Altars:

Shops:
D:1 [


Message History

You shoot an arrow. The arrow hits the gnoll bouda!
The gnoll bouda is severely wounded.
The gnoll bouda gazes fiercely through you!
You feel your attacks grow feeble.
The gnoll bouda hits you but does no damage.
The gnoll barely misses you.
You shoot an arrow. The arrow hits the gnoll bouda!
The gnoll bouda is almost dead.
The gnoll bouda mumbles some strange prayers to its god.
The gnoll bouda is healed somewhat.
The gnoll hits you but does no damage.
You shoot an arrow.
The arrow hits the gnoll bouda but does no damage.
The gnoll bouda is severely wounded.
The gnoll bouda prays to its god.
The gnoll bouda is healed somewhat.
The gnoll barely misses you.
You shoot an arrow. The arrow hits the gnoll bouda!
The gnoll bouda is almost dead.
The gnoll bouda mumbles some strange prayers to its god.
The gnoll bouda is healed somewhat.
The gnoll hits you from afar with a +0 halberd.
You shoot an arrow.
The arrow barely misses the gnoll bouda.
Your attacks no longer feel as feeble.
The gnoll bouda misses you. The gnoll closely misses you.
You shoot an arrow. The arrow hits the gnoll bouda!
You kill the gnoll bouda!
The gnoll hits you but does no damage.
Your Dodging skill increases to level 2!
You shoot an arrow.
The arrow hits the gnoll but does no damage.
The gnoll is no longer moving quickly.
The gnoll barely misses you.
You shoot an arrow. The arrow barely misses the gnoll.
The gnoll hits you from afar with a +0 halberd.
You shoot an arrow. The arrow hits the gnoll.
The gnoll is lightly wounded.
The gnoll closely misses you.
You shoot an arrow. The arrow hits the gnoll.
The gnoll is heavily wounded.
The gnoll hits you from afar with a +0 halberd!
You die...

#. #.# #.####.#
##.#......?
...#......#
.........#
#.......####.#.
###.......)g.>...
.......).@# #.
#....)..# ......
#.......# .......
....###'### .#.....
### ##.#####.......
#######.....#.......#
#.....'.............#
#.#####.....#)......#
###...'........


You could see a gnoll.

Vanquished Creatures
  Sigmund (D:3)
  A water moccasin (D:5)
  A black bear (D:6)
  2 ogres (D:5)
  A quasit (D:5)
  A hound (D:5)
  A jelly (D:5)
  A gnoll bouda (D:6)
  An orc priest (D:3)
  Jessica (D:2)
  2 iguanas (D:5)
  An orc wizard (D:3)
  3 gnolls (D:6)
  6 adders
  3 shadow imps (D:5)
  A white imp (D:5)
  2 ufetubi (D:5)
  3 dart slugs
  4 orcs
  10 endoplasms
  4 giant cockroaches
  6 goblins
  9 hobgoblins
  2 jackals (D:2)
  10 kobolds
  4 quokkas
  6 ball pythons
  3 bats
  6 frilled lizards
  14 rats
110 creatures vanquished.

Notes
Turn   | Place    | Note
-------+----------+-------------------------------------------
     0 | D:1      | qw the Gargoyle Hunter began the quest for the Orb.
     0 | D:1      | Reached XP level 1. HP: 12/12 MP: 1/1
     0 | D:1      | 0 ||| qw: Version: 0.3-a-106-g2cfff9e
     0 | D:1      | 0 ||| qw: Game counter: 1997
     0 | D:1      | 0 ||| qw: Melee chars always use a shield: true
     0 | D:1      | 0 ||| qw: God list: Okawaru
     0 | D:1      | 0 ||| qw: Allow faded altars: false
     0 | D:1      | 0 ||| qw: Do Orc after clearing Dungeon:15 true
     0 | D:1      | 0 ||| qw: Do second Lair branch before Depths: true
     0 | D:1      | 0 ||| qw: Lair rune preference: random
     0 | D:1      | 0 ||| qw: Goals: Normal, Save, Zot:1-4, Win
     0 | D:1      | 0 ||| PLANNING D:1-11
   144 | D:1      | Reached XP level 2. HP: 17/17 MP: 2/2
   178 | D:1      | Found Icles's Antique Armour Shoppe.
   183 | D:1      | 183 ||| SHOPLISTING cloak (117 gold, have 41).
   183 | D:1      | 183 ||| SHOPLISTING ring mail (104 gold, have 41).
   468 | D:1      | Reached XP level 3. HP: 21/21 MP: 3/3
   558 | D:1      | 558 ||| UPGRADING to +1 ring mail of positive energy.
   568 | D:1      | 568 ||| DROPPING +0 leather armour.
   569 | D:1      | 569 ||| UPGRADING to ring of positive energy.
   570 | D:1      | 570 ||| READING scroll labelled PIUT GITUMA.
   571 | D:1      | 571 ||| READING scroll labelled VIVEHOZINLA.
   572 | D:1      | 572 ||| DROPPING scroll of butterflies.
   644 | D:2      | Noticed Jessica
   651 | D:2      | Killed Jessica
   652 | D:2      | Reached XP level 4. HP: 26/26 MP: 4/4
   749 | D:2      | Reached skill level 5 in Ranged Weapons
   999 | D:2      | 999 ||| READING 3 scrolls labelled CAYLUQ JIA.
  1014 | D:2      | Found a faded altar of an unknown god.
  1067 | D:2      | Reached skill level 3 in Fighting
  1272 | D:2      | 1272 ||| READING scroll labelled SAPRIU KE KOOKKEE.
  1273 | D:2      | 1273 ||| READING 2 scrolls labelled ZOL AMELIH.
  1273 | D:2      | 1273 ||| IDENTIFYING clear potion
  1274 | D:2      | 1274 ||| READING scroll of identify.
  1274 | D:2      | 1274 ||| IDENTIFYING dark potion
  1275 | D:2      | 1275 ||| READING scroll labelled QIRUAV COOMO.
  1276 | D:2      | 1276 ||| DRINKING 2 white potions.
  1277 | D:2      | 1277 ||| DROPPING potion of degeneration.
  1278 | D:2      | 1278 ||| DROPPING 2 scrolls of poison.
  1279 | D:2      | 1279 ||| DROPPING potion of ambrosia.
  1331 | D:3      | You fall into a shaft and drop 2 floors!
  1331 | D:5      | Entered Level 5 of the Dungeon
  1332 | D:5      | 1332 ||| READING scroll labelled YKUCIEP SEFIGH.
  1334 | D:5      | 1334 ||| FLEEEEING.
  1335 | D:5      | 1335 ||| FLEEEEING.
  1336 | D:5      | 1336 ||| FLEEEEING.
  1337 | D:5      | 1337 ||| STAIRDANCE
  1572 | D:4      | 1572 ||| READING scroll labelled WOAREYWICH.
  1572 | D:4      | 1572 ||| ENCHANTING +1 ring mail of positive energy.
  1573 | D:4      | 1573 ||| DRINKING 2 fizzy puce potions.
  1619 | D:3      | Reached XP level 5. HP: 32/32 MP: 5/5
  1667 | D:3      | Noticed Sigmund
  1678 | D:3      | Killed Sigmund
  1679 | D:3      | Reached skill level 6 in Ranged Weapons
  1679 | D:3      | Reached XP level 6. HP: 21/37 MP: 6/6
  2611 | D:3      | 2611 ||| UPGRADING to +0 pair of gloves.
  2616 | D:3      | 2616 ||| DROPPING ring of flight.
  2617 | D:3      | 2617 ||| READING 2 scrolls labelled ADOENI FEARGH.
  2718 | D:3      | 2718 ||| DRINKING 2 pink potions.
  2719 | D:3      | 2719 ||| DROPPING scroll of vulnerability.
  2720 | D:3      | 2720 ||| DROPPING potion of brilliance.
  3146 | D:4      | 3146 ||| READING scroll labelled FUAZIBR ZEADA.
  3182 | D:5      | 3182 ||| STAIRDANCE
  3221 | D:5      | Noticed a water moccasin
  3236 | D:5      | Killed a water moccasin
  3237 | D:5      | Reached skill level 7 in Ranged Weapons
  3237 | D:5      | Reached XP level 7. HP: 43/43 MP: 7/7
  3253 | D:5      | 3253 ||| RETREEAATING.
  3305 | D:5      | HP: 10/43 [iguana (3)]
  3306 | D:5      | 3306 ||| DRINKING puce potion.
  3306 | D:5      | Gained mutation: You are frail. (-10% HP) [potion of
                  | mutation]
  3306 | D:5      | Gained mutation: You have large cloven feet. [potion of
                  | mutation]
  3306 | D:5      | Gained mutation: You have hidden genetic potential. [potion
                  | of mutation]
  3310 | D:5      | HP: 5/38 [iguana (7)]
  3311 | D:5      | 3311 ||| DRINKING fizzy grey potion.
  3312 | D:5      | 3312 ||| DRINKING emerald potion.
  3323 | D:5      | HP: 5/38 [shadow imp (4)]
  3525 | D:5      | Reached skill level 8 in Ranged Weapons
  4032 | D:6      | Reached XP level 8. HP: 42/44 MP: 8/8
  4131 | D:6      | HP: 11/44 [gnoll/+0 halberd[a gnoll bouda] (10)]
  4139 | D:6      | HP: 9/44 [gnoll/+0 halberd[a gnoll bouda] (3)]
  4141 | D:6      | Slain by a gnoll

Levels and vault maps discovered:
D:1:      wheals_arrival_shading, layout_basic, serial_shops,
          nicolae_shop_competitors_out_of_business
D:2:      layout_loops_cross, shapermc_ecumenical_altar_mp_urbaneastern,
          st_stairs_3, solitary_fountain, serial_park_tiny_pond,
          minmay_three_crescents, uniq_jessica
D:3:      minmay_spotlight, layout_basic, hangedman_decor_opposing,
          serial_bayou_pond_e, minmay_misc_feat_alley, uniq_sigmund
D:4:      layout_cave_pods
D:5:      layout_basic, serial_demonic, serial_demonic_f, serial_demonic_f,
          serial_demonic_f, serial_demonic_c, serial_demonic_g, serial_demonic_f
D:6:      layout_basic, biasface_ghost_orc_armoury, minmay_door_square,
          uniq_jeremiah

Skill      XL: |  1  2  3  4  5  6  7  8 |
---------------+-------------------------+-----
Armour         | 2 |  2.2
Ranged Weapons | 5 6 7 8 |  8.6
Fighting       | 3 4 5 |  5.1
Dodging        | 2 |  2.1
Stealth        | |  1.1

Action                     |  1- 3 |  4- 6 |  7- 9 || total
---------------------------+-------+-------+-------++-------
   Fire: Shortbow          |    86 |   232 |   187 ||   505
    Use: Scroll            |     2 |     9 |       ||    11
         Potion            |       |     3 |     3 ||     6
 Armour: Leather armour    |     7 |       |       ||     7
         Ring mail         |    18 |   111 |   144 ||   273
  Dodge: Dodged            |    23 |   120 |   130 ||   273

Table legend:
 A = Non-vault XP
 B = Vault XP
 C = Vault XP percentage of total XP
 D = Non-vault monster count
 E = Vault monster count
 F = Vault count percentage of total count
                 A         B        C        D         E       F
            +---------+---------+-------+---------+---------+-------
      Total |    1009 |     401 |  28.4 |      90 |      20 |  18.2
            +---------+---------+-------+---------+---------+-------
        D:1 |      36 |       0 |   0.0 |      26 |       0 |   0.0
        D:2 |      58 |      65 |  52.8 |      22 |       9 |  29.0
        D:3 |     139 |     230 |  62.3 |      23 |       4 |  14.8
        D:4 |       8 |       0 |   0.0 |       5 |       0 |   0.0
        D:5 |     553 |     106 |  16.1 |       9 |       7 |  43.8
        D:6 |     215 |       0 |   0.0 |       5 |       0 |   0.0
            +---------+---------+-------+---------+---------+-------
